 Dungeon Crawl Stone Soup version 0.29.1-2-gbd0b4ee654 (webtiles) character file.

Game seed: 11708745015031801953

1281 DocClef the Shield-Bearer (level 8, -2/67 HPs)
             Began as a Gnoll Fighter on Nov 15, 2022.
             Was a Follower of Okawaru.
             Killed by divine providence
             ... invoked by an orc priest
              (13 damage)
             ... on level 6 of the Dungeon.
             The game lasted 00:05:06 (5377 turns).

DocClef the Shield-Bearer (Gnoll Fighter)           Turns: 5377, Time: 00:05:07

Health: -2/67      AC: 17    Str: 18    XL:     8   Next: 54%
Magic:  13/13      EV: 10    Int:  7    God:    Okawaru [*.....]
Gold:   253        SH:  5    Dex: 12    Spells: 14/14 levels left

rFire   . . .      SeeInvis .   a - +0 war axe
rCold   . . .      Faith    .   c - +0 buckler
rNeg    . . .      Spirit   .   u - +0 plate armour
rPois   .          Reflect  .   f - +0 helmet
rElec   .          Harm     .   i - +1 cloak {Will+}
rCorr   .          Rampage  .   (no gloves)
Will    +....                   (no boots)
Stlth   ..........              (no amulet)
HPRegen 0.21/turn               j - +4 ring of evasion
MPRegen 0.13/turn               (no ring)

@: no status effects
A: fangs 1, strong nose, distributed training
a: Renounce Religion, Heroism


You were on level 6 of the Dungeon.
You worshipped Okawaru.
Okawaru was aware of your devotion.
You visited 2 branches of the dungeon, and saw 7 of its levels.

You collected 253 gold pieces.

Inventory:

Hand Weapons
 a - a +0 war axe (weapon)
Armour
 b - a +0 scale mail
 c - a +0 buckler (worn)
 f - a +0 helmet (worn)
 i - a +1 cloak of willpower (worn)
 u - a +0 plate armour (worn)
Jewellery
 j - a +4 ring of evasion (left hand)
 p - a ring of see invisible
Scrolls
 d - 2 scrolls of poison {unknown}
 e - 4 scrolls of identify {unknown}
 g - a scroll of noise {unknown}
 k - a scroll of blinking {unknown}
 l - a scroll of magic mapping {unknown}
 s - 2 scrolls of teleportation {unknown}
 v - a scroll of vulnerability {unknown}
Potions
 h - a potion of invisibility
 m - 2 potions of heal wounds {unknown}
 n - 2 potions of cancellation {unknown}
 o - 4 potions of curing {unknown}
 q - 2 potions of haste {unknown}
 r - a potion of flight {unknown}
 t - a potion of resistance
 w - a potion of berserk rage {unknown}
 x - 2 potions of attraction {unknown}
 z - a potion of brilliance {unknown}


   Skills:
 + Level 7.5 Fighting
 + Level 3.5 Short Blades
 + Level 3.5 Long Blades
 + Level 5.8 Axes
 + Level 3.5 Maces & Flails
 + Level 3.5 Polearms
 + Level 3.5 Staves
 + Level 3.5 Ranged Weapons
 + Level 3.5 Throwing
 + Level 7.5 Armour
 + Level 3.5 Dodging
 + Level 3.5 Stealth
 + Level 7.5 Shields
 + Level 3.5 Unarmed Combat
 + Level 3.5 Spellcasting
 + Level 2.8 Conjurations
 + Level 2.8 Hexes
 + Level 2.8 Summonings
 + Level 2.8 Necromancy
 + Level 2.8 Translocations
 + Level 2.8 Transmutations
 + Level 2.8 Fire Magic
 + Level 2.8 Ice Magic
 + Level 2.8 Air Magic
 + Level 2.8 Earth Magic
 + Level 2.8 Poison Magic
 + Level 3.8 Invocations
 + Level 3.5 Evocations


You had 14 spell levels left.
You didn't know any spells.
Your spell library contained the following spells:

 Spells                   Type           Power      Damage    Failure   Level
 Magic Dart               Conj           20%        1d4       98%         1
 Mephitic Cloud           Conj/Pois/Air  5%         N/A       100%        3
 Call Imp                 Summ           Unusable   N/A       N/A         2

Dungeon Overview and Level Annotations

Branches:
Dungeon (6/15)             Temple (1/1) D:4

Altars:
Ashenzari
Cheibriados
Dithmenos
Elyvilon
Fedhas
Gozag
Hepliaklqana
Kikubaaqudgha
Makhleb
Okawaru
Sif Muna
Trog
Vehumet
Wu Jian
Xom
The Shining One


Innate Abilities, Weirdness & Mutations

You have very sharp teeth.
Your uncanny sense of smell can sniff out nearby items.
Your experience applies equally to all skills.


Message History

No target in view!
A hound comes into view.
A hound is nearby!
A hound is nearby!
A hound is nearby!
The hound barks!
You hear a shout!
A bullfrog zombie comes into view.
An orc warrior comes into view. It is wielding a +0 battleaxe.
The bullfrog zombie moves out of view.
You hear a shout!
A howler monkey zombie and an orc priest come into view.
The orc priest shouts!
An orc comes into view. It is wielding a +0 club.
You closely miss the hound. Your bite misses the hound.
You block the hound's attack.
A bullfrog skeleton comes into view.
The hound bites you but does no damage.
You closely miss the hound.
A bullfrog skeleton comes into view.
You block the hound's attack.
The orc priest calls down the wrath of Beogh upon you.
Pain shoots through your body! The hound bites you but does no damage.
A centaur zombie comes into view.
The hound attacks as you move away! The hound closely misses you.
The hound bites you but does no damage. The hound bites you.
The hound closely misses you.
The bullfrog zombie attacks as you move away!
The bullfrog zombie hits you but does no damage.
The orc priest mumbles some strange prayers to Beogh against you.
Beogh smites you! The hound bites you but does no damage.
You block the bullfrog zombie's attack.
The orc priest invokes the aid of Beogh against you.
Beogh smites you!
* * * LOW HITPOINT WARNING * * *
There is a stone staircase leading up here.
The hound bites you but does no damage.
The orc priest invokes the aid of Beogh against you.
Beogh smites you!
You die...

#...........#..
#.....†.o...#
#..............
#............~~
#....Z..)....~~
##..oo..#....≈~
#....Z.#....~.
###ZhZ.#.....
#.@..# .#
######


You could see an orc warrior, a hound, an orc priest, an orc, a bullfrog zombie,
a howler monkey zombie and 2 bullfrog skeletons.

Vanquished Creatures
  Sigmund (D:3)
  An orc warrior (D:4)
  2 black bears (D:5)
  An ogre (D:5)
  A centaur (D:5)
  A necrophage (D:4)
  A wyvern zombie (D:6)
  3 scorpions
  A centaur zombie (D:6)
  A jelly (D:5)
  Crazy Yiuf (D:3)
  Jessica (D:3)
  2 iguanas (D:5)
  6 gnolls
  7 adders
  A shadow imp (D:5)
  An ufetubus (D:4)
  10 orcs
  7 bats
  3 endoplasms
  A giant cockroach (D:1)
  5 goblins
  8 hobgoblins
  2 kobolds
  4 quokkas
  4 ball pythons
  2 frilled lizards
  7 rats
85 creatures vanquished.

Vanquished Creatures (others)
  3 fungi (D:6)
  A toadstool (D:6)
4 creatures vanquished.

Grand Total: 89 creatures vanquished

Notes
Turn   | Place    | Note
-------+----------+-------------------------------------------
     0 | D:1      | DocClef the Gnoll Fighter began the quest for the Orb.
     0 | D:1      | Reached XP level 1. HP: 23/23 MP: 1/1
   244 | D:1      | Reached XP level 2. HP: 29/29 MP: 2/2
   853 | D:2      | Reached XP level 3. HP: 32/35 MP: 3/3
  1143 | D:2      | Found a faded altar of an unknown god.
  1388 | D:2      | Reached skill level 1 in Invocations
  1573 | D:2      | Reached skill level 1 in Short Blades
  1573 | D:2      | Reached skill level 1 in Long Blades
  1573 | D:2      | Reached skill level 1 in Maces & Flails
  1573 | D:2      | Reached skill level 1 in Polearms
  1573 | D:2      | Reached skill level 1 in Staves
  1573 | D:2      | Reached skill level 1 in Ranged Weapons
  1573 | D:2      | Reached skill level 1 in Throwing
  1573 | D:2      | Reached skill level 1 in Dodging
  1573 | D:2      | Reached skill level 1 in Stealth
  1573 | D:2      | Reached skill level 1 in Unarmed Combat
  1573 | D:2      | Reached skill level 1 in Spellcasting
  1573 | D:2      | Reached skill level 1 in Evocations
  1574 | D:2      | Reached XP level 4. HP: 32/41 MP: 5/5
  1646 | D:3      | Reached skill level 1 in Conjurations
  1646 | D:3      | Reached skill level 1 in Hexes
  1646 | D:3      | Reached skill level 1 in Summonings
  1646 | D:3      | Reached skill level 1 in Necromancy
  1646 | D:3      | Reached skill level 1 in Translocations
  1646 | D:3      | Reached skill level 1 in Transmutations
  1646 | D:3      | Reached skill level 1 in Fire Magic
  1646 | D:3      | Reached skill level 1 in Ice Magic
  1646 | D:3      | Reached skill level 1 in Air Magic
  1646 | D:3      | Reached skill level 1 in Earth Magic
  1646 | D:3      | Reached skill level 1 in Poison Magic
  2062 | D:3      | Noticed Jessica
  2083 | D:3      | Killed Jessica
  2084 | D:3      | Reached XP level 5. HP: 45/47 MP: 5/7
  2107 | D:3      | Noticed Sigmund
  2131 | D:3      | Killed Sigmund
  2132 | D:3      | Reached skill level 5 in Axes
  2132 | D:3      | Reached XP level 6. HP: 4/53 MP: 7/9
  2731 | D:3      | Found a runed translucent door.
  2732 | D:3      | Noticed Crazy Yiuf
  2741 | D:3      | Killed Crazy Yiuf
  2936 | D:4      | Found a staircase to the Ecumenical Temple.
  2944 | Temple   | Entered the Ecumenical Temple
  3141 | Temple   | Became a worshipper of Warmaster Okawaru
  3234 | D:4      | Reached XP level 7. HP: 60/60 MP: 10/10
  4171 | D:5      | Entered Level 5 of the Dungeon
  4569 | D:5      | Reached XP level 8. HP: 30/67 MP: 12/12
  4959 | D:5      | Reached * piety under Okawaru
  5377 | D:6      | Killed from afar by an orc priest

Illustrated notes

Levels and vault maps discovered:
D:1:      dpeg_arrival_castle, layout_basic, eino_curves_04, minmay_surrounded
D:2:      layout_basic, hellmonk_ecumenical_altar_zigzags
D:3:      layout_rooms, uniq_sigmund, uniq_crazy_yiuf_cottage, uniq_jessica
D:4:      layout_basic, minmay_temple_entry_offerings, hangedman_glass_teeth
D:5:      layout_loops_cross
D:6:      layout_basic, jmf_multi_god_temple2, serial_undead, serial_undead_f,
          serial_undead_c, serial_undead_d, serial_undead_a, serial_undead_c,
          serial_undead_f, serial_undead_a, serial_undead_e,
          minmay_gold_behind_fungi
Temple:   nicolae_temple_slightly_damp_pantheon

Skill      XL: |  1  2  3  4  5  6  7 |
---------------+----------------------+-----
Invocations    | 1 2 3 |  3.8
Short Blades   | 1 2 3 |  3.5
Long Blades    | 1 2 3 |  3.5
Maces & Flails | 1 2 3 |  3.5
Polearms       | 1 2 3 |  3.5
Staves         | 1 2 3 |  3.5
Ranged Weapons | 1 2 3 |  3.5
Throwing       | 1 2 3 |  3.5
Dodging        | 1 2 3 |  3.5
Stealth        | 1 2 3 |  3.5
Unarmed Combat | 1 2 3 |  3.5
Spellcasting   | 1 2 3 |  3.5
Evocations     | 1 2 3 |  3.5
Conjurations   | 1 2 |  2.8
Hexes          | 1 2 |  2.8
Summonings     | 1 2 |  2.8
Necromancy     | 1 2 |  2.8
Translocations | 1 2 |  2.8
Transmutations | 1 2 |  2.8
Fire Magic     | 1 2 |  2.8
Ice Magic      | 1 2 |  2.8
Air Magic      | 1 2 |  2.8
Earth Magic    | 1 2 |  2.8
Poison Magic   | 1 2 |  2.8
Axes           | 5 |  5.8
Fighting       | 7 |  7.5
Armour         | 7 |  7.5
Shields        | 7 |  7.5

Action                   |  1- 3 |  4- 6 |  7- 9 || total
-------------------------+-------+-------+-------++-------
Melee: War axe           |    83 |    97 |   120 ||   300
       Bite              |     3 |     5 |    13 ||    21
  Use: Potion            |       |     3 |       ||     3
Armor: Scale mail        |    43 |    43 |    11 ||    97
       Plate armour      |       |       |    85 ||    85
Dodge: Dodged            |    49 |    68 |    59 ||   176
Block: Buckler           |    28 |    28 |    46 ||   102
